AoeStats
← [GN]mezdap

African Clearing

510859625Analyzed
3v3 RM · 1d ago on Oct 2, 2026· 49m 22s· 6 players
Game mode
Random Map
Map size
Normal (6 player)
Population
200
Speed
Normal
Resources
Standard
Victory
Conquest
Starting age
Dark Age
Ending age
Imperial Age
RankedLock teamsTeams togetherTeam positionsShared explorationLock speedFull tech treeHidden civsTurbo modeCheats
Victory
Defeat
🇹🇷 Varangians · Türkiye
1408
+17
🇹🇷 Khmer · Türkiye
1402
+17
🇹🇷 Berbers · Türkiye
1376
+18
🇵🇪 Huns · Peru
1483
-20
🇵🇪 Berbers · Peru
1464
-19
🇵🇪 Magyars · Peru
1317
-13
[GN]LAZURİ
11:55 Feudal Age
13:24 Loom
15:52 Castle Age
16:52 Double-Bit Axe
17:27 Fletching
18:06 Bloodlines
20:52 Town Watch
21:55 Horse Collar
22:27 Bow Saw
24:19 Ballistics
25:17 Wheelbarrow
27:10 Hand Cart
28:04 Husbandry
31:42 Bodkin Arrow
31:47 Gold Mining
31:48 Stone Mining
32:42 Scale Barding Armor
32:58 Masonry
37:50 Forging
39:55 Chain Barding Armor
42:13 Iron Casting
45:49 Imperial Age
45:52 Herbal Medicine
47:11 Plate Barding Armor
46:31 Light Cavalry
47:39 Heavy Plow
48:07 Elite Jarl
49:41 Conscription
[GN]mezdap
3:13 Loom
13:51 Feudal Age
15:38 Double-Bit Axe
18:25 Castle Age
16:25 Horse Collar
16:54 Scale Barding Armor
18:52 Bloodlines
18:55 Forging
26:18 Wheelbarrow
29:21 Chain Barding Armor
29:07 Husbandry
35:31 Town Watch
36:27 Iron Casting
44:01 Hand Cart
43:57 Bow Saw
43:48 Heavy Plow
43:40 Gold Mining
43:42 Stone Mining
44:19 Thumb Ring
48:19 Imperial Age
47:00 Fletching
48:34 Bodkin Arrow
48:39 Padded Archer Armor
48:12 Light Cavalry
48:25 Heavy Camel Rider
[GN]Lazayeb_53
4:17 Loom
11:35 Feudal Age
14:50 Bloodlines
20:25 Castle Age
21:59 Forging
22:26 Double-Bit Axe
22:25 Horse Collar
24:19 Bow Saw
27:27 Fletching
28:33 Elite Skirmisher
37:40 Wheelbarrow
37:08 Heavy Plow
42:19 Imperial Age
40:58 Ballistics
41:22 Hand Cart
41:05 Bodkin Arrow
41:47 Scale Mail Armor
41:48 Padded Archer Armor
43:25 Bracer
44:27 Chemistry
43:26 Town Watch
43:13 Pikeman
45:39 Crop Rotation
46:04 Leather Archer Armor
46:39 Chain Mail Armor
48:36 Ring Archer Armor
48:43 Conscription
47:44 Elite Ballista Elephant
49:24 Iron Casting
49:16 Halberdier
ElTitanSargeras
4:12 Loom
12:32 Feudal Age
18:50 Castle Age
17:59 Double-Bit Axe
19:40 Fletching
22:51 Ballistics
24:24 Bodkin Arrow
33:06 Bow Saw
35:22 Wheelbarrow
44:51 Imperial Age
44:47 Bloodlines
44:42 Padded Archer Armor
46:14 Bracer
Chadi285
4:34 Loom
12:58 Feudal Age
14:10 Double-Bit Axe
19:45 Bloodlines
21:19 Horse Collar
24:49 Castle Age
26:49 Heavy Plow
26:57 Husbandry
27:17 Bow Saw
27:36 Gold Mining
30:02 Wheelbarrow
31:41 Scale Barding Armor
32:06 Stone Mining
32:55 Chain Barding Armor
33:48 Scale Mail Armor
33:10 Pikeman
38:12 Chain Mail Armor
44:49 Imperial Age
43:35 Hand Cart
43:06 Town Watch
46:11 Murder Holes
46:42 Halberdier
47:18 Cavalier
48:52 Plate Barding Armor
CORP_ EuSanAoE
3:10 Loom
13:19 Feudal Age
17:17 Castle Age
16:59 Fletching
17:09 Padded Archer Armor
16:57 Double-Bit Axe
21:35 Bodkin Arrow
26:19 Ballistics
43:48 Bow Saw
43:19 Horse Collar
Connection lost

Rejoining the realm…

Still unreachable

The connection could not be restored.

Session expired

The server has moved on; the page needs a fresh start.